 Dungeon Crawl Stone Soup version 0.29-a0-380-gf50f0a9fbc (webtiles) character file.

Game seed: 5170542219079019668

48 holysushi the Insei (level 3, -22/23 (24) HPs)
             Began as an Octopode Transmuter on May 6, 2022.
             Killed by an exploding bat (32 damage)
             ... ignited by their inner flame
             ... on level 2 of the Dungeon.
             The game lasted 00:01:52 (1407 turns).

holysushi the Insei (Octopode Transmuter)           Turns: 1407, Time: 00:01:53

HP:   -22/23 (24)   AC:  1    Str:  9    XL:     3   Next: 72%
MP:   6/6           EV: 13    Int: 15    God:
Gold: 30            SH:  0    Dex: 14    Spells: 5/6 levels left

rFire   . . .      SeeInvis .     - Unarmed
rCold   . . .      Faith    .   (no shield)
rNeg    . . .      Spirit   .   (helmet restricted)
rPois   .          Reflect  .   (no amulet)
rElec   .          Harm     .   (no ring)
rCorr   .          Rampage  .   (no ring)
Will    .....                   (no ring)
Stlth   ++........              (no ring)
HPRegen 0.07/turn               (no ring)
MPRegen 0.10/turn               (no ring)
                                (no ring)
                                (no ring)

@: lightly drained
A: almost no armour, amphibious, 8 rings, camouflage 1, gelatinous body 1,
(nimble swimmer 1), tentacles
a: no special abilities


You were on level 2 of the Dungeon.
You visited 1 branch of the dungeon, and saw 2 of its levels.

You collected 30 gold pieces.

Inventory:

Scrolls
 f - a scroll of teleportation {unknown}
Potions
 a - a potion of lignification
 c - a potion of heal wounds
 e - a potion of cancellation
 g - a potion of invisibility
 h - a potion of curing {unknown}
 i - a potion of haste {unknown}


   Skills:
 + Level 2.0 Fighting
 - Level 2.0 Dodging
 * Level 4.1 Unarmed Combat
 - Level 2.0 Spellcasting
 - Level 2.0 Transmutations


You had 5 spell levels left.
You knew the following spells:

 Your Spells              Type           Power      Damage    Failure   Level
a - Beastly Appendage     Tmut           14%        N/A       10%         1

Your spell library contained the following spells:

 Spells                   Type           Power      Damage    Failure   Level
 Wereblood                Tmut           7%         N/A       14%         2
 Spider Form              Tmut/Pois      4%         N/A       41%         3
 Gell's Gravitas          Tloc           1%         N/A       54%         3
 Lesser Beckoning         Tloc           1%         N/A       54%         3
 Teleport Other           Tloc           1%         N/A       54%         3
 Ice Form                 Ice/Tmut       4%         N/A       82%         4


Dungeon Overview and Level Annotations

Branches:
Dungeon (2/15)

Altars:
Nemelex Xobeh


Innate Abilities, Weirdness & Mutations

You cannot wear most types of armour.
You are amphibious.
You can wear up to eight rings at the same time.
Your skin changes colour to match your surroundings (Stealth+).
Your rubbery body absorbs attacks. (AC +1, EV +1)
((You are camouflaged when in or above water. (Stealth+)))
You have tentacles for arms and can constrict up to eight enemies at once.


Message History

Your tentacle spike misses the adder.
You squeeze the adder.
You kill the adder!
Your Fighting skill increases to level 2!
You see here an adder corpse.
Magic restored.
Your tentacle spike disappears.
Nemelex Xobeh makes you draw from the deck of Punishment.
You draw a card...
You have drawn Wrath. "Burn!
Burn until nothing is left!" 2 fire elementals come into view.
There are monsters nearby!
There are monsters nearby!
There are monsters nearby!
As you read the scroll labelled DIM COINIE, it crumbles to dust.
Wisps of shadow whirl around you...
It was a scroll of summoning.
The fire elemental hits you. The fire elemental burns you!
Ouch! That really hurt!
Your hobgoblin closely misses the fire elemental.
The fire elemental hits your hobgoblin.
The fire elemental burns your hobgoblin!
Your hobgoblin dies!
Your hobgoblin's corpse dissolves into shadows!
Your endoplasm is engulfed in blazing flames.
Your endoplasm dies!
Your endoplasm dissolves into shadows!
Your bat hits the fire elemental but does no damage.
As you read the scroll labelled FUERRI JAMIH, it crumbles to dust.
The creatures around you are filled with an inner flame!
It was a scroll of immolation.
Your bat hits the fire elemental but does no damage.
Your bat barely misses the fire elemental.
The fire elemental hits your bat. The fire elemental burns your bat!
Your bat's corpse dissolves into shadows!
Your bat explodes!
The fiery explosion engulfs the fire elemental.
The fire elemental completely resists.
The fiery explosion engulfs the fire elemental.
The fire elemental completely resists.
The fiery explosion engulfs you!!
Ouch! That really hurt!
You die...

## #. #. ####. ######....
#([....###
#################†####....
......?EE@........# ####.
.......○§§..####### #)
###########.# #. #... #.
#..... #. ##.### ... .#
###. .# ## .# #


You could see 2 fire elementals.

Vanquished Creatures
  2 adders (D:2)
  2 dart slugs
  4 endoplasms (D:1)
  A giant cockroach (D:1)
  A goblin (D:1)
  6 hobgoblins (D:1)
  A kobold (D:1)
  A quokka (D:1)
  3 bats
  2 frilled lizards (D:2)
23 creatures vanquished.

Notes
Turn   | Place    | Note
-------+----------+-------------------------------------------
     0 | D:1      | holysushi the Octopode Transmuter began the quest for the
                  | Orb.
     0 | D:1      | Reached XP level 1. HP: 13/13 MP: 3/3
   159 | D:1      | Reached XP level 2. HP: 18/18 MP: 5/5
   749 | D:1      | Found a faded altar of an unknown god.
  1017 | D:1      | Reached XP level 3. HP: 24/24 MP: 4/6
  1118 | D:1      | Prayed at the altar of an unknown god.
  1118 | D:1      | Became a worshipper of Nemelex Xobeh the Trickster
  1118 | D:1      | Reached * piety under Nemelex Xobeh
  1119 | D:1      | Fell from the grace of Nemelex Xobeh
  1174 | D:2      | Reached skill level 4 in Unarmed Combat
  1404 | D:2      | Noticed a fire elemental
  1404 | D:2      | Noticed a fire elemental
  1407 | D:2      | Killed by an exploding bat... ignited by their inner flame

Illustrated notes

Levels and vault maps discovered:
D:1:      wander_arrival_chamber, layout_basic,
          shapermc_ecumenical_altar_mp_urbaneastern
D:2:      layout_loops_ring

Skill      XL: |  1  2  3 |
---------------+----------+-----
Unarmed Combat | 4 |  4.1
Fighting       | 2 |  2.0
Dodging        | |  2.0
Spellcasting   | |  2.0
Transmutations | |  2.0

Action                   || total
-------------------------++-------
Melee: Unarmed           ||    49
       Kick              ||    11
       Constrict         ||    12
       Tentacles         ||    12
       Punch             ||     2
 Cast: Beastly Appendage ||    13
Invok: Renounce Religion ||     1
  Use: Scroll            ||     5
 Stab: Sleeping          ||     8
Armor: Skin              ||     5
Dodge: Dodged            ||    22

Table legend: (Time is in decaauts)
 A = Elapsed time spent in this place.
 B = Non-inter-level travel time spent in this place.
 C = Inter-level travel time spent in this place.
 D = Time resting spent in this place.
 E = Time spent auto-exploring this place.
 F = Levels seen in this place.
 G = Mean time per level.
                   A        B        C        D        E       F      G
               +--------+--------+--------+--------+--------+-----+--------+
         Total |   1403 |   1334 |     69 |    206 |    891 |   2 |  701.5 |
       Dungeon |   1403 |   1334 |     69 |    206 |    891 |   2 |  701.5 |
               +--------+--------+--------+--------+--------+-----+--------+

Top non-repeatable levels by time:
     D:1: 1129 daAuts
     D:2: 273 daAuts
